 Dungeon Crawl Stone Soup version 0.30-a0-1116-gebefce21f7 (webtiles) character file.

Game seed: 3024043738649384989

9 holysushi the Cutter (level 2, 7/24 HPs)
             Began as a Demonspawn Monk on Apr 21, 2023.
             Quit the game on level 1 of the Dungeon.
             The game lasted 00:00:17 (141 turns).

holysushi the Cutter (Demonspawn Monk)               Turns: 141, Time: 00:00:18

Health: 7/24       AC:  2    Str: 11    XL:     2   Next: 3%
Magic:  2/2        EV: 12    Int: 11    God:
Gold:   29         SH:  0    Dex: 15    Spells: 1/1 levels left

rFire   . . .      SeeInvis .    a - +0 short sword
rCold   . . .      Faith    .    d - orb {light}
rNeg    + . .      Spirit   .    b - +0 robe
rPois   .          Reflect  .    (no helmet)
rElec   .          Rampage  .    (no cloak)
rCorr   .                        (no gloves)
Will    .....                    (no boots)
Stlth   +                        (no amulet)
HPRegen 0.24/turn                e - ring of positive energy
MPRegen 0.08/turn                (no ring)

@: glowing
A: demonic guardian 1
a: no special abilities


You were on level 1 of the Dungeon.
You visited 1 branch of the dungeon, and saw 1 of its levels.

You collected 29 gold pieces.

Inventory:

Hand Weapons
 a - a +0 short sword (weapon)
Armour
 b - a +0 robe (worn)
 d - an orb of light (worn)
Jewellery
 e - a ring of positive energy (left hand)
Potions
 c - a potion of ambrosia
 f - a potion of brilliance {unknown}


   Skills:
 - Level 3.0 Fighting
 + Level 3.2 Short Blades
 - Level 2.6 Dodging


You had one spell level left.
You didn't know any spells.
Your spell library was empty.

Dungeon Overview and Level Annotations

Branches:
Dungeon (1/15) Zot: 5863

Altars:


Innate Abilities, Weirdness & Mutations

A weak demonic guardian rushes to your aid.


Message History

You are too injured to fight recklessly!
You hit the goblin.
You kill the goblin!
You barely miss the jackal. The jackal barely misses you.
The jackal bites you but does no damage.
You hit the jackal.
The jackal is moderately wounded.
The jackal bites you but does no damage.
You hit the jackal.
The jackal is heavily wounded.
The jackal barely misses you.
You hit the jackal but do no damage.
The jackal is heavily wounded.
The jackal bites you.
You barely miss the jackal.
The jackal is heavily wounded.
The jackal bites you but does no damage.
You barely miss the jackal.
The jackal is heavily wounded.
The jackal misses you.
You hit the jackal but do no damage.
The jackal is heavily wounded.
The jackal barely misses you.
You barely miss the jackal.
The jackal is heavily wounded.
The jackal closely misses you. The jackal barely misses you.
You completely miss the jackal.
The jackal is heavily wounded.
The jackal bites you.
* * * LOW HITPOINT WARNING * * *
You hit the jackal.
The jackal is almost dead.
The jackal bites you.
* * * LOW HITPOINT WARNING * * *
You hit the jackal.
You kill the jackal!
You have reached level 2!
Your demonic ancestry asserts itself...
You feel the presence of a demonic guardian.
Are you sure you want to abandon this character and quit the game? (Confirm with "yes".)

########### #.........#
#.........# #.........#
# ##..#.##### .
..#######.##.@.# .$
.......#.####B######...
#...#......#........#.
#.....##......$.....
#.....##....>†.....#
#......#..).........
##...#..............
##................#
##...............##


You could see a giant cockroach.

Vanquished Creatures
  An endoplasm (D:1)
  2 goblins (D:1)
  A hobgoblin (D:1)
  2 jackals (D:1)
  A bat (D:1)
7 creatures vanquished.

Notes
Turn   | Place    | Note
-------+----------+-------------------------------------------
     0 | D:1      | holysushi the Demonspawn Monk began the quest for the Orb.
     0 | D:1      | Reached XP level 1. HP: 18/18 MP: 1/1
   141 | D:1      | Gained mutation: A weak demonic guardian rushes to your
                  | aid. [demonic ancestry]
   141 | D:1      | Reached XP level 2. HP: 7/24 MP: 2/2
   141 | D:1      | Quit the game

Illustrated notes

Levels and vault maps discovered:
D:1:      dpeg_arrival_arbitrary_a, layout_rooms, minmay_gold_behind_fungi

Skill      XL: |  1 |
---------------+----+-----
Short Blades   | 3 |  3.2
Fighting       | |  3.0
Dodging        | |  2.6

Action                     || total
---------------------------++-------
  Melee: Short sword       ||    25
 Armour: Robe              ||     4
  Dodge: Dodged            ||    27

Table legend: (Time is in decaauts)
 A = Elapsed time spent in this place.
 B = Non-inter-level travel time spent in this place.
 C = Inter-level travel time spent in this place.
 D = Time resting spent in this place.
 E = Time spent auto-exploring this place.
 F = Levels seen in this place.
 G = Mean time per level.
                   A        B        C        D        E       F      G
               +--------+--------+--------+--------+--------+-----+--------+
         Total |    136 |    136 |      0 |      0 |     84 |   1 |  136.0 |
       Dungeon |    136 |    136 |      0 |      0 |     84 |   1 |  136.0 |
               +--------+--------+--------+--------+--------+-----+--------+

Top non-repeatable levels by time:
     D:1: 136 daAuts
